Description

-Use 1 scv to keep building depots

-Use a floating barracks to get rid of the scouting OL with your 4 marines.

-Build the barracks/first 2 depots in your natural wall.

-Move out with 6 to 8 hellions.

-Save energy past the first mule for scans

-Early roaches is usually a BO loss, but can switch into macro game if you kill enough workers and get a tank out for the counter.

-The "hardest" part is splitting against banes.

Replay - Submarine LE - hellbat all-in

Build Order

Get SALT Encoding   

  12  0:00  SCV  
  13  0:19  Supply Depot  
  13  0:20  SCV  
  14  0:32  SCV  
  15  0:45  Barracks x2  
  15  0:50  SCV  
  16  1:03  SCV  
  17  1:05  Supply Depot  
  17  1:15  SCV  
  17  1:16  Refinery  
  18  1:26  Refinery  
  18  1:27  SCV  
  19  1:43  Orbital Command  
  19  1:50  Marine x2  
  21  2:08  Marine x2  
  23  2:12  Factory  
  23  2:19  SCV  
  24  2:28  Barracks Reactor  
  24  2:40  Barracks Reactor  
  24  2:52  Factory  
  24  3:04  Supply Depot  
  24  3:16  Barracks Tech Lab  
  24  3:19  Hellion x2  
  28  3:22  Armory  
  28  3:27  Supply Depot  
  28  3:42  Barracks Tech Lab  
  28  3:45  Hellion x2  
  32  3:55  Hellion x2  
  36  4:05  Supply Depot  
  36  4:08  Hellion x2  
  40  4:11  Barracks Tech Lab  
  40  4:17  Hellion x2  
Spawning Tool Build Advisor. Get it on Overwolf

Go to:

Details

  • Created by: rederoin
  • Published on: Mar 16, 2021
  • Modified on: Mar 16, 2021
  • Patch: 4.11.0
  • Difficulty: Easy
Show
View Real Time Build Order
Export as new Build Order

Comments (0)

There are no comments. Be the first!

Create an account to comment!